 Dungeon Crawl Stone Soup version 0.32-a0-909-gc671339a80 (webtiles) character file.

Game seed: 1495801224999375799

970 Twinkles the Sneak (level 8, 0/82 HPs)
             Began as an Octopode Berserker on Apr 6, 2024.
             Was a Priest of Trog.
             Killed from afar by a steam dragon (4 damage)
             ... with a ball of steam
             ... on level 6 of the Dungeon.
             The game lasted 00:10:14 (3749 turns).

Twinkles the Sneak (Octopode Berserker)             Turns: 3749, Time: 00:10:14

Health: 0/82       AC:  1    Str: 18    XL:     8   Next: 16%
Magic:  17/17      EV: 13    Int:  9    God:    Trog [***...]
Gold:   190        SH:  0    Dex: 12    Spells: 7/7 levels left

rFire   + . .        A - +4 quarterstaff (chaos)
rCold   . . .        (shield currently unavailable)
rNeg    . . .        (helmet restricted)
rPois   +            (no amulet)
rElec   .            c - ring of protection from fire
rCorr   .            i - ring of magical power
SInv    .            j - ring of poison resistance
Will    ++...        (no ring) Stlth
                     (no ring)
HPRegen 1.33/turn    (no ring)
MPRegen 0.15/turn    (no ring)
                     (no ring)

%: no passive effects
@: berserking (expiring), lethally poisoned (0 -> -1), strong-willed,
regenerating, very quick
A: almost no armour, amphibious, 8 rings, camouflage 1, gelatinous body 1,
(nimble swimmer 1), tentacles
a: Renounce Religion, Berserk, Trog's Hand


You were on level 6 of the Dungeon.
You worshipped Trog.
Trog was most pleased with you.
You visited 1 branch of the dungeon, and saw 6 of its levels.

You collected 190 gold pieces.

Inventory:

Hand Weapons
 A - a +4 quarterstaff of chaos (weapon)
Missiles
 p - 4 javelins
 v - 8 boomerangs (quivered)
Jewellery
 c - a ring of protection from fire (left tentacle)
 i - a ring of magical power (right tentacle)
 j - a ring of poison resistance (on tentacle)
 o - an amulet of faith
Talismans
 y - a beast talisman
Scrolls
 b - a scroll of poison {unknown}
 e - 2 scrolls of noise {unknown}
 f - a scroll of fog {unknown}
 g - 2 scrolls of vulnerability {unknown}
 h - a scroll of fear {unknown}
 r - a scroll of enchant armour {unknown}
 B - a scroll of blinking {unknown}
 Y - 5 scrolls of teleportation
Potions
 l - a potion of degeneration {unknown}
 m - 2 potions of haste {unknown}
 n - 2 potions of mutation {unknown}
 q - 2 potions of heal wounds {unknown}
 t - a potion of ambrosia {unknown}
 u - a potion of invisibility {unknown}
 x - a potion of brilliance {unknown}
 z - a potion of cancellation {unknown}
 J - 3 potions of curing
 M - 2 potions of might
 Q - 2 potions of magic


   Skills:
 + Level 5.1 Fighting
 + Level 5.1 Dodging
 + Level 5.8 Stealth
 + Level 5.1 Unarmed Combat
 + Level 2.8 Shapeshifting


You had 7 spell levels left.
You didn't know any spells.
Your spell library was empty.

Dungeon Overview and Level Annotations

Branches:
Dungeon (6/15) Zot: 26351
 Temple: D:4-7

Altars:
Qazlal
Vehumet
Xom
Zin

Annotations:
D:4 3 runed translucent doors, KennySheep's ghost, amateur AtWr


Innate Abilities, Weirdness & Mutations

You cannot wear most types of armour.
You are amphibious.
You can wear up to eight rings at the same time.
Your skin changes colour to match your surroundings (Stealth+).
Your rubbery body absorbs attacks. (AC +1, EV +1)
((You are camouflaged when in or above water. (Stealth+)))
You have tentacles for arms and can constrict up to eight enemies at once.


Message History

You feel a bit more experienced.
You closely miss the steam dragon. The adder misses you.
The steam dragon bites you!
* * * LOW HITPOINT WARNING * * *
The steam dragon barely misses you.
You barely miss the steam dragon. The adder closely misses you.
The steam dragon barely misses you. x2
You barely miss the steam dragon. You squeeze the steam dragon.
The steam dragon is lightly wounded.
The adder barely misses you. The steam dragon barely misses you.
The steam dragon completely misses you.
You closely miss the steam dragon.
The steam dragon is lightly wounded.
The adder bites you.
* * * LOW HITPOINT WARNING * * *
You are poisoned.
The adder poisons you! The steam dragon breathes steam at you.
The ball of steam hits you. You resist.
* * * LOW HITPOINT WARNING * * *
The adder misses you.
You closely miss the steam dragon.
The steam dragon is lightly wounded.
You feel sick. The adder bites you but does no damage.
You closely miss the steam dragon. You squeeze the steam dragon.
The steam dragon is moderately wounded.
You feel sick. The steam dragon bites you!
* * * LOW HITPOINT WARNING * * *
The steam dragon closely misses you. The adder closely misses you.
You closely miss the steam dragon.
You squeeze the steam dragon, but do no damage.
The steam dragon is moderately wounded.
You feel sick. The steam dragon bites you.
* * * LOW HITPOINT WARNING * * *
The steam dragon closely misses you. The adder misses you.
You sock the steam dragon!
The steam dragon is almost dead.
The steam dragon breathes steam at you. The ball of steam hits you. You resist.
You die...

........ !## .
#.#....##.. .# ..# .
........##... ...
..###.....D...... ...
........)........ ..#
...............## ...
................#. ...
.......S###....... .##
.......D@##...ß.ß. ....
.................... ....
.......##.....ß.##.......
......# #...#............
...#######............##.
............#.......#..#.
.# ......................
...#.............##...
..............).......


You could see a steam dragon (catching breath) and an adder.

Vanquished Creatures
  2 black bears
  3 centaurs (D:6)
  A hound (D:6)
  A jelly (D:6)
  An orc priest (D:5)
  A bombardier beetle (D:6)
  Crazy Yiuf (D:5)
  A sleepcap (D:6)
  4 orc wizards (D:6)
  4 gnolls (D:5)
  9 adders
  A shadow imp (D:6)
  3 dart slugs
  2 ribbon worms
  23 orcs
  6 endoplasms
  3 giant cockroaches
  4 goblins
  10 hobgoblins
  15 jackals
  4 kobolds
  4 quokkas
  10 ball pythons
  6 bats
  6 frilled lizards
  2 rats (D:3)
127 creatures vanquished.

Notes
Turn   | Place    | Note
-------+----------+-------------------------------------------
     0 | D:1      | Twinkles the Octopode Berserker began the quest for the
                  | Orb.
     0 | D:1      | Reached XP level 1. HP: 16/16 MP: 1/1
   158 | D:1      | Reached skill level 1 in Stealth
   158 | D:1      | Reached XP level 2. HP: 20/21 MP: 2/2
   406 | D:1      | Reached XP level 3. HP: 25/26 MP: 3/3
   508 | D:1      | Reached ** piety under Trog
   679 | D:1      | HP: 7/26 [poisoned by an adder]
  1057 | D:2      | Reached XP level 4. HP: 31/31 MP: 4/4
  1240 | D:2      | You fall into a shaft and drop 2 floors!
  1775 | D:3      | Found a radiant altar of Vehumet.
  1775 | D:3      | Found a faded altar of an unknown god.
  1781 | D:3      | Reached XP level 5. HP: 37/37 MP: 5/5
  1787 | D:3      | Found a faded altar of an unknown god.
  1789 | D:3      | Found a glowing silver altar of Zin.
  1791 | D:3      | Found a shimmering altar of Xom.
  2070 | D:4      | Reached *** piety under Trog
  2141 | D:4      | Found a runed translucent gate.
  2141 | D:4      | Found a runed translucent gate.
  2141 | D:4      | Found a runed translucent gate.
  2141 | D:4      | Noticed a kobold brigand
  2142 | D:4      | Noticed KennySheep's ghost (amateur AtWr)
  2547 | D:5      | Entered Level 5 of the Dungeon
  2547 | D:5      | Found a runed translucent door.
  2547 | D:5      | Noticed Crazy Yiuf
  2550 | D:5      | Killed Crazy Yiuf
  2648 | D:5      | Noticed a black bear
  2654 | D:5      | Killed a black bear
  2655 | D:5      | Reached skill level 1 in Shapeshifting
  2655 | D:5      | Reached XP level 6. HP: 28/43 MP: 6/6
  2841 | D:5      | Found a stormy altar of Qazlal.
  3333 | D:6      | Noticed a black bear
  3353 | D:6      | HP: 14/66 [black bear (8)]
  3354 | D:6      | Killed a black bear
  3355 | D:6      | Reached XP level 7. HP: 14/49 MP: 7/7
  3359 | D:6      | HP: 16/73 [acid (2)]
  3361 | D:6      | Reached skill level 5 in Stealth
  3593 | D:6      | Reached skill level 5 in Fighting
  3593 | D:6      | Reached skill level 5 in Dodging
  3593 | D:6      | Reached skill level 5 in Unarmed Combat
  3593 | D:6      | Reached XP level 8. HP: 34/55 MP: 8/8
  3735 | D:6      | HP: 16/55 [something (5)]
  3740 | D:6      | HP: 18/82 [something (1)]
  3745 | D:6      | HP: 14/82 [adder (2)]
  3747 | D:6      | HP: 3/82 [steam dragon (7)]
  3749 | D:6      | Killed from afar by a steam dragon

Illustrated notes

Levels and vault maps discovered:
D:1:      ldierk_walled_garden_2, layout_basic
D:2:      layout_rooms, nicolae_figureground_sparkle
D:3:      layout_rooms, chequers_temple_overflow_minitemple,
          minmay_strange_pillars
D:4:      layout_rooms, gammafunk_ghost_nasty_kobolds,
          hangedman_abyss_or_decor_lesser_grid, serial_bayou_pond_c
D:5:      layout_cave_pools, nicolae_qazlal_eye_of_the_storm,
          dk_rats_in_the_wall, uniq_crazy_yiuf_cottage
D:6:      layout_cave_pools, serial_column_ruins, column_ruins_hut,
          column_ruins_hut_ruined, column_ruins_columns_corner,
          column_ruins_grid_2, column_ruins_open_tiny,
          column_ruins_corridor_straight, kennysheep_another_room,
          dk_noncrumbling_4, minmay_manual_mares

Skill      XL: |  1  2  3  4  5  6  7 |
---------------+----------------------+-----
Stealth        | 1 2 3 4 5 |  5.8
Dodging        | 4 5 |  5.1
Fighting       | 4 5 |  5.1
Unarmed Combat | 4 5 |  5.1
Shapeshifting  | 1 2 |  2.8

Action                     |  1- 3 |  4- 6 |  7- 9 || total
---------------------------+-------+-------+-------++-------
  Melee: Unarmed           |    57 |    90 |       ||   147
         Constrict         |    20 |    30 |     4 ||    54
         Tentacles         |    16 |    20 |     8 ||    44
         Punch             |       |     3 |       ||     3
         Quarterstaff      |       |    39 |    46 ||    85
 Invoke: Berserk           |       |     3 |     1 ||     4
         Trog's Hand       |       |     1 |     2 ||     3
    Use: Scroll            |       |     4 |       ||     4
   Stab: Sleeping          |     7 |    13 |     1 ||    21
 Armour: Skin              |    13 |    57 |    43 ||   113
  Dodge: Dodged            |    29 |    82 |    51 ||   162

Table legend: (Time is in decaauts)
 A = Elapsed time spent in this place.
 B = Non-inter-level travel time spent in this place.
 C = Inter-level travel time spent in this place.
 D = Time resting spent in this place.
 E = Time spent auto-exploring this place.
 F = Levels seen in this place.
 G = Mean time per level.
                   A        B        C        D        E       F      G
               +--------+--------+--------+--------+--------+-----+--------+
         Total |   3788 |   3520 |    268 |    136 |   2505 |   6 |  631.3 |
       Dungeon |   3788 |   3520 |    268 |    136 |   2505 |   6 |  631.3 |
               +--------+--------+--------+--------+--------+-----+--------+

Top non-repeatable levels by time:
     D:1: 751 daAuts
     D:2: 696 daAuts
     D:6: 627 daAuts
     D:5: 612 daAuts
     D:4: 577 daAuts
     D:3: 523 daAuts
